 Dungeon Crawl Stone Soup version 0.25-b1-23-ge2ad7d536c (webtiles) character file.

Game seed: 8897865610449659952, levelgen mode: deterministic

73 Arum the Shield-Bearer (level 4, -1/37 HPs)
             Began as a Formicid Fighter on June 1, 2020.
             Slain by Sigmund
             ... wielding a +0 scythe
              (11 damage)
             ... on level 2 of the Dungeon.
             The game lasted 00:02:35 (1602 turns).

Arum the Shield-Bearer (Formicid Fighter)           Turns: 1602, Time: 00:02:36

Health: -1/37      AC:  6    Str: 20    XL:     4   Next: 51%
Magic:  4/4        EV:  9    Int:  9    God:
Gold:   93         SH:  4    Dex: 10    Spells: 3/3 levels left

rFire    . . .     SeeInvis +   a - +0 quarterstaff
rCold    . . .     Gourm    .   p - +0 buckler
rNeg     . . .     Faith    .   b - +0 scale mail
rPois    .         Spirit   .   (helmet unavailable)
rElec    .         Reflect  .   (no cloak)
rCorr    .         Harm     .   (no gloves)
MR       .....                  (no boots)
Stlth    ..........             (no amulet)
HPRegen  0.12/turn              (no ring)
MPRegen  0.09/turn              (no ring)

@: no status effects
A: permanent stasis, dig shafts and tunnels, four strong arms, antennae 3
a: Dig, Shaft Self


You were on level 2 of the Dungeon.
You were not hungry.

You visited 1 branch of the dungeon, and saw 2 of its levels.

You collected 93 gold pieces.

Inventory:

Hand Weapons
 a - a +0 quarterstaff (weapon)
 g - a +2 whip of electrocution
Missiles
 o - 2 javelins (quivered)
Armour
 b - a +0 scale mail (worn)
 c - a +0 kite shield
 p - a +0 buckler (worn)
Jewellery
 l - an uncursed ring of protection from magic {unknown}
Scrolls
 e - 6 scrolls of identify {unknown}
 h - a scroll of enchant weapon {unknown}
 j - 2 scrolls of amnesia {unknown}
 k - a scroll of noise {unknown}
 m - a scroll of enchant armour {unknown}
 q - a scroll of remove curse {unknown}
 r - a scroll of teleportation {unknown}
Potions
 d - a potion of might
 i - a potion of flight {unknown}
Comestibles
 f - 5 rations
 n - 3 chunks of flesh


   Skills:
 + Level 4.2 Fighting
 + Level 2.9 Staves
 + Level 3.5 Armour
 - Level 4.2 Shields


You had 3 spell levels left.
You didn't know any spells.
Your spell library was empty.

Dungeon Overview and Level Annotations

Branches:
Dungeon (2/15)

Altars:
Nemelex Xobeh

Annotations:
D:2 Sigmund


Innate Abilities, Weirdness & Mutations

You cannot be hasted, slowed, berserked, paralysed or teleported.
You can dig through walls and to a lower floor.
Your four strong arms can wield two-handed weapons with a shield.
You have a pair of large antennae on your head. (SInv)


Message History

Sigmund is almost dead.
The goblin hits you but does no damage. You block the goblin's attack.
You closely miss Sigmund.
Sigmund is almost dead.
Sigmund screams, "I am the angel of ZOT!!!"
Sigmund points at you and mumbles some strange words.
The puff of flame hits you! You block the goblin's attack.
Sigmund hits you with a +0 scythe.
Your scale mail prevents you from hitting Sigmund.
Sigmund is almost dead.
You block the goblin's attack.
You completely miss Sigmund.
Sigmund is almost dead.
Sigmund closely misses you. The goblin hits you but does no damage.
You hit Sigmund but do no damage.
Sigmund is almost dead.
The goblin hits you.
* * * LOW HITPOINT WARNING * * *
Sigmund hits you with a +0 scythe!
You die...

.#.#.#####+####..>.......
+#.#.# .......#........#.
...#.# .......#...#####..
...#.# ......†#...#####..#
...#. ...................
...#######....#.##########
.......................
.÷..#########.#.####.#.#
....##### #.#.@@g....#
........# #.#g##..#..#
..#.###.#####.#.# .# ....#
#.....#.#.. # #####
#####.# #.## #...#.# ?..
#####.#.#.###.#
#.............#
#.#...#.#.######.#


You could see Sigmund (invisible), a hobgoblin and a goblin.

Vanquished Creatures
  2 adders (D:2)
  2 worms (D:2)
  3 dart slugs
  A leopard gecko (D:2)
  9 bats
  2 giant cockroaches
  8 hobgoblins
  2 ball pythons
  3 frilled lizards (D:1)
  3 goblins
  5 kobolds
  4 rats
44 creatures vanquished.

Notes
Turn   | Place    | Note
-------+----------+-------------------------------------------
     0 | D:1      | Arum the Formicid Fighter began the quest for the Orb.
     0 | D:1      | Reached XP level 1. HP: 18/18 MP: 1/1
   109 | D:1      | Reached XP level 2. HP: 23/24 MP: 2/2
   118 | D:1      | Found a sparkling altar of Nemelex Xobeh.
   429 | D:1      | Reached XP level 3. HP: 30/30 MP: 3/3
  1227 | D:2      | Reached XP level 4. HP: 31/37 MP: 4/4
  1578 | D:2      | Noticed Sigmund
  1602 | D:2      | Slain by Sigmund

Illustrated notes

Levels and vault maps discovered:
D:1:      eino_arrival_water_star, layout_basic, minmay_misc_feat_five,
          nemelex_xobeh_ov_fountains_minmay
D:2:      layout_basic, chequers_serial_rivers_room_b, uniq_sigmund

Skill      XL: |  1  2  3 |
---------------+----------+-----
Shields        | 4 |  4.2
Fighting       | 4 |  4.2
Staves         | |  2.9
Armour         | |  3.5

Action                   |  1- 3 |  4- 6 || total
-------------------------+-------+-------++-------
Melee: Quarterstaff      |   100 |    43 ||   143
  Eat: Chunk             |     1 |     1 ||     2
Armor: Scale mail        |    55 |    10 ||    65
Dodge: Dodged            |    34 |    19 ||    53
Block: Kite shield       |    44 |       ||    44
       Buckler           |     7 |     8 ||    15
